 Dungeon Crawl Stone Soup version 0.26.1-11-gd32895ea62 (webtiles) character file.

Game seed: 4440097046500072721

8 Almogavar the Digger (level 2, -1/15 HPs)
             Began as a Gargoyle Earth Elementalist on May 15, 2021.
             Slain by a kobold
             ... wielding a +4 dagger
              (2 damage)
             ... on level 1 of the Dungeon.
             The game lasted 00:01:26 (351 turns).

Almogavar the Digger (Gargoyle Earth Elementalist)   Turns: 351, Time: 00:01:27

Health: -1/15      AC:  5    Str: 11    XL:     2   Next: 8%
Magic:  1/5        EV: 12    Int: 15    God:
Gold:   52         SH:  0    Dex: 10    Spells: 4/5 levels left

rFire    . . .     SeeInvis .   d - +0 mace
rCold    . . .     Faith    .   (no shield)
rNeg     + . .     Spirit   .   c - +0 robe
rPois    ∞         Reflect  .   (no helmet)
rElec    +         Harm     .   g - +0 cloak
rCorr    .         Rampage  .   (no gloves)
Will     .....                  (no boots)
Stlth    ++........             (no amulet)
HPRegen  0.05/turn              (no ring)
MPRegen  0.09/turn              (no ring)

@: no status effects
A: negative energy resistance 1, electricity resistance, unbreathing,
petrification resistance, miasma immunity, AC +2
a: no special abilities


You were on level 1 of the Dungeon.
You visited 1 branch of the dungeon, and saw 1 of its levels.

You collected 52 gold pieces.

Inventory:

Hand Weapons
 d - a +0 mace (weapon)
Missiles
 b - 24 stones
Armour
 c - a +0 robe (worn)
 e - a cursed -1 scale mail
 f - a +0 chain mail
 g - a +0 cloak (worn)
Scrolls
 a - a scroll of magic mapping {unknown}


   Skills:
 + Level 1.5 Dodging
 + Level 2.5 Stealth
 + Level 2.0 Spellcasting
 + Level 0.7 Transmutations
 + Level 4.1 Earth Magic


You had 4 spell levels left.
You knew the following spells:

 Your Spells              Type           Power        Failure   Level
a - Sandblast             Erth           26%          4%          1

Your spell library contained the following spells:

 Spells                   Type           Power        Failure   Level
 Passwall                 Tmut/Erth      6%           12%         2
 Stone Arrow              Conj/Erth      14%          28%         3
 Petrify                  Tmut/Erth      8%           63%         4
 Lee's Rapid Deconstruct  Erth           6%           75%         5


Dungeon Overview and Level Annotations

Branches:
Dungeon (1/15)

Altars:


Innate Abilities, Weirdness & Mutations

You are resistant to torment.
Your stone body is resilient. (AC +2)
You are immune to poison.
You resist negative energy. (rN+)
You are resistant to electric shocks. (rElec)
You can survive without breathing.
You are immune to petrification.
You are immune to miasma.


Message History

You have reached level 2!
The jackal closely misses you. The jackal barely misses you.
The jackal closely misses you. The jackal barely misses you.
The jackal bites you.
* * * LOW HITPOINT WARNING * * *
Casting: Sandblast (safe; 4% risk of failure)
Confirm with . or Enter, or press ? or * to list all spells.
Aiming: Sandblast (safe; 4% risk of failure)
Press: ? - help, Shift-Dir - straight line, f - jackal
Aim: a jackal (26% to evade)
The blast of sand hits the jackal!
You kill the jackal!
The jackal closely misses you.
A kobold comes into view. It is wielding a +4 dagger.
The kobold shouts!
The jackal bites you but does no damage.
A bat comes into view.
The kobold hits you with a +4 dagger.
You die...

###h# #...# ..hh# .....
##..## ##### ..b.#
#...## # #...## ##...##
##.. #.... ##.... ##.#
#..# ###.. ##.#
#######..# # ##. ##.#
#..†g...K####.... #.
##.# #.####.hh@.......
#. ##.# #.# #...########
#. .#.#####h# ##### #.
...ghh.g.# #########
######.
.#.#############.......#
#...... ##.#
#...†...>..#####.#
#.####.
##.####.########## #.#
#.# #. #......#
#.####.####. ########
#...........


You could see 2 jackals, a goblin, a bat and a kobold.

Vanquished Creatures
  A dart slug (D:1)
  A hobgoblin (D:1)
  2 jackals (D:1)
  A kobold (D:1)
5 creatures vanquished.

Notes
Turn   | Place    | Note
-------+----------+-------------------------------------------
     0 | D:1      | Almogavar the Gargoyle Earth Elementalist began the quest
                  | for the Orb.
     0 | D:1      | Reached XP level 1. HP: 10/10 MP: 3/3
   168 | D:1      | Reached skill level 4 in Earth Magic
   338 | D:1      | Reached XP level 2. HP: 1/15 MP: 0/5
   351 | D:1      | Slain by a kobold

Illustrated notes

Levels and vault maps discovered:
D:1:      heliophobic_arrival_dark_side_of_the_moon, layout_loops_ring

Skill      XL: |  1 |
---------------+----+-----
Earth Magic    | 4 |  4.1
Dodging        | |  1.5
Stealth        | |  2.5
Spellcasting   | |  2.0
Transmutations | |  0.7

Action                   || total
-------------------------++-------
Melee: Mace              ||     9
 Cast: Sandblast         ||     6
Armor: Robe              ||    10
Dodge: Dodged            ||    16
